 Dungeon Crawl Stone Soup version 0.30-a0-672-gc3a7216ad8 (webtiles) character file.

Game seed: 11428294067751719773

224 lunkers the Chopper (level 6, -1/51 HPs)
             Began as a Meteoran Fighter on Jan 18, 2023.
             Was a Follower of Wu Jian.
             Slain by a mummy (4 damage)
             ... in an ossuary.
             The game lasted 00:05:08 (1119 turns).

lunkers the Chopper (Meteoran Fighter)              Turns: 1119, Time: 00:05:09

Health: -1/51      AC:  8    Str: 20    XL:     6   Next: 45%
Magic:  7/7        EV:  9    Int:  9    God:    Wu Jian [*.....]
Gold:   127        SH:  5    Dex: 14    Spells: 5/5 levels left

rFire   + . .      SeeInvis .    a - +1 war axe
rCold   + . .      Faith    .    c - +0 buckler
rNeg    . . .      Spirit   .    b - +0 scale mail
rPois   .          Reflect  .    j - +0 helmet
rElec   .          Harm     .    (no cloak)
rCorr   .          Rampage  .    (no gloves)
Will    .....                    (no boots) Stlth
                                 (no amulet)
HPRegen 0.28/turn                e - ring of protection from cold
MPRegen 0.10/turn                q - ring of protection from fire

@: glowing
A: sense surroundings 1, otherworldly, glowing, explore regen
a: Renounce Religion


You were in an ossuary.
You worshipped Wu Jian.
Wu Jian was aware of your devotion.
You visited 1 branch of the dungeon, and saw 4 of its levels.
You also visited: Ossuary.

You collected 127 gold pieces.

Inventory:

Hand Weapons
 a - a +1 war axe (weapon)
Armour
 b - a +0 scale mail (worn)
 c - a +0 buckler (worn)
 j - a +0 helmet (worn)
Jewellery
 e - a ring of protection from cold (left hand)
 q - a ring of protection from fire (right hand)
Potions
 d - a potion of might
 f - 3 potions of heal wounds
 i - a potion of berserk rage {unknown}
 k - a potion of attraction {unknown}
 l - a potion of mutation {unknown}
 n - a potion of curing {unknown}
 p - a potion of magic {unknown}


   Skills:
 - Level 3.2 Fighting
 * Level 7.3 Axes
 - Level 3.6 Armour
 - Level 3.6 Shields


You had 5 spell levels left.
You didn't know any spells.
Your spell library contained the following spells:

 Spells                   Type           Power      Damage    Failure   Level
 Dazzling Flash           Conj/Hex       0%         N/A       99%         3
 Hailstorm                Conj/Ice       0%         3d3       99%         3
 Ice Form                 Ice/Tmut       0%         N/A       100%        4
 Iskenderun's Mystic Bla  Conj/Tloc      0%         2d3       100%        4
 Simulacrum               Ice/Necr       0%         N/A       100%        6
 Starburst                Conj/Fire      0%         6d3       100%        6


Dungeon Overview and Level Annotations

Branches:
Dungeon (4/15) Zot: 1272  Ossuary (1/1) Zot: 560
 Temple: D:4-7

Altars:
Wu Jian

Shops:
D:1 [

Annotations:
D:4 1 runed translucent door, Iich's ghost, amateur DsFi


Innate Abilities, Weirdness & Mutations

You passively map a small area around you.
You are easily found by Zot.
You glow in the dark.
You regain HP and MP as you explore.


Message History

The gnoll zombie hits you.
* * * LOW HITPOINT WARNING * * *
The kobold zombie hits you but does no damage.
The gnoll zombie hits you.
* * * LOW HITPOINT WARNING * * *
You slash the mummy!
You destroy the mummy!
The Council accepts your kill.
You slash the gnoll zombie!
You destroy the gnoll zombie!
The Council accepts your kill.
You hit the kobold zombie. You hit the mummy. You barely miss the gnoll zombie.
You slash the mummy! The kobold zombie hits you.
* * * LOW HITPOINT WARNING * * *
You block the mummy's attack. The gnoll zombie barely misses you.
You slash the kobold zombie!
You destroy the kobold zombie!
The Council accepts your kill.
You slash the hobgoblin zombie!
You destroy the hobgoblin zombie!
The Council accepts your kill.
You hit the mummy.
You hit the gnoll zombie but do no damage.
You hit the mummy. The gnoll zombie hits you.
* * * LOW HITPOINT WARNING * * *
The mummy hits you!
* * * LOW HITPOINT WARNING * * *
The mummy hits you but does no damage.
You completely miss the mummy.
The mummy is severely damaged.
You hit the mummy but do no damage. You barely miss the gnoll zombie.
You slash the kobold zombie!
You destroy the kobold zombie!
The Council accepts your kill. The gnoll zombie closely misses you.
You hit the mummy.
The mummy is severely damaged.
You barely miss the mummy. You barely miss the gnoll zombie.
The mummy hits you.
You die...

**,,,,,,****,,,,,,**
*,....,##..##,...,,*
*,....##....##....,*
*,................,*
**...............,**
**,.............**
*+*#........#*+*
**,,*#.Z....#*,,**
**,,,,*#M@..#*,,,,**
**,,,,,,#..M.#,,,,,,**
*,,,,,,,#....#,,,,,,,*
*,,,,,,,#....#,,,,,,,*
*,,,,,,,#....#,,,,,,,*
**,,,,,,#....#,,,,,,**
*,,,,,*#....#*,,,,,*
**,,,,*#....#*,,,,**
*,,,**#.∩?.#**,,,*


You could see 2 mummies and a gnoll zombie.

Vanquished Creatures
  A jelly (D:4)
  Jessica (D:2)
  Robin (D:1)
  2 mummies (Ossuary)
  7 adders
  A dart slug (D:2)
  An orc (D:3)
  5 ball pythons
  6 bats
  7 endoplasms
  4 giant cockroaches (D:2)
  2 gnoll zombies (Ossuary)
  6 hobgoblins
  4 kobolds (D:1)
  A quokka (D:3)
  11 goblins
  A goblin zombie (D:4)
  A hobgoblin zombie (Ossuary)
  2 kobold zombies (Ossuary)
  2 orc zombies (Ossuary)
  A quokka zombie (D:4)
  2 rats
  A spectral kobold (D:3)
70 creatures vanquished.

Notes
Turn   | Place    | Note
-------+----------+-------------------------------------------
     0 | D:1      | lunkers the Meteoran Fighter began the quest for the Orb.
     0 | D:1      | Reached XP level 1. HP: 19/19 MP: 2/2
    78 | D:1      | Reached skill level 3 in Axes
    78 | D:1      | Reached XP level 2. HP: 24/26 MP: 3/3
   233 | D:1      | Found Pont's Armour Boutique.
   354 | D:2      | Noticed Robin
   360 | D:1      | Reached XP level 3. HP: 29/31 MP: 4/4
   369 | D:1      | Reached skill level 4 in Axes
   372 | D:1      | Killed Robin
   400 | D:2      | Reached XP level 4. HP: 25/38 MP: 5/5
   410 | D:2      | Reached skill level 5 in Axes
   532 | D:2      | Reached XP level 5. HP: 45/45 MP: 6/6
   628 | D:2      | Noticed Jessica
   633 | D:2      | Killed Jessica
   634 | D:2      | Reached skill level 6 in Axes
   888 | D:3      | Found a faded altar of an unknown god.
   901 | D:3      | Prayed at the altar of an unknown god.
   901 | D:3      | Became a worshipper of the Wu Jian Council
   901 | D:3      | Reached * piety under Wu Jian
   987 | D:4      | Reached XP level 6. HP: 48/51 MP: 7/7
  1060 | D:4      | Found a runed translucent door.
  1060 | D:4      | Noticed Iich's ghost (amateur DsFi)
  1071 | D:4      | Found a sand-covered staircase.
  1078 | D:4      | Reached skill level 7 in Axes
  1082 | Ossuary  | Entered an ossuary
  1119 | Ossuary  | Slain by a mummy

Illustrated notes

Levels and vault maps discovered:
D:1:      reono_arrival_forest_river, layout_loops_ring, serial_shops, shop
D:2:      layout_loops_ring, amethyst_killhole, uniq_jessica, uniq_robin
D:3:      layout_loops_ring, mainiacjoe_overflow_brackets,
          dreamdust_ecumenical_altar_drowned_temple,
          hangedman_abyss_or_decor_lesser_grid, chequers_garden, chequers_jeans
D:4:      layout_cave_pools, enter_ossuary_4, serial_column_ruins,
          column_ruins_pillar_7, column_ruins_pillar_1, column_ruins_pillar_3,
          column_ruins_pillar_1, column_ruins_pillar_6, column_ruins_pillar_8,
          column_ruins_pillar_2, column_ruins_pillar_4, column_ruins_pillar_3,
          column_ruins_pillar_1, column_ruins_pillar_3, column_ruins_pillar_1,
          column_ruins_pillar_1, gammafunk_ghost_grave
Ossuary:  ossuary_tomb_3

Skill      XL: |  1  2  3  4  5  6 |
---------------+-------------------+-----
Axes           | 3 4 5 6 7 |  7.3
Fighting       | |  3.2
Armour         | |  3.6
Shields        | |  3.6

Action                   |  1- 3 |  4- 6 || total
-------------------------+-------+-------++-------
Melee: War axe           |    48 |   102 ||   150
Invok: Lunge             |       |     7 ||     7
  Use: Scroll            |       |     6 ||     6
Armor: Scale mail        |    30 |    65 ||    95
Dodge: Dodged            |    21 |    34 ||    55
Block: Buckler           |    19 |    23 ||    42

Table legend: (Time is in decaauts)
 A = Elapsed time spent in this place.
 B = Non-inter-level travel time spent in this place.
 C = Inter-level travel time spent in this place.
 D = Time resting spent in this place.
 E = Time spent auto-exploring this place.
 F = Levels seen in this place.
 G = Mean time per level.
                   A        B        C        D        E       F      G
               +--------+--------+--------+--------+--------+-----+--------+
         Total |   1165 |   1102 |     63 |      0 |    679 |   5 |  233.0 |
       Dungeon |   1127 |   1064 |     63 |      0 |    678 |   4 |  281.8 |
       Ossuary |     38 |     38 |      0 |      0 |      1 |   1 |   38.0 |
               +--------+--------+--------+--------+--------+-----+--------+

Top non-repeatable levels by time:
     D:1: 410 daAuts
     D:3: 336 daAuts
     D:2: 280 daAuts
     D:4: 100 daAuts
 Ossuary: 38 daAuts
